 Dungeon Crawl Stone Soup version 0.31.0-9-g3a7656b989 (webtiles) character file.

Game seed: 13570555277936045869

94 qw the Shooter (level 4, 0/22 HPs)
             Began as a Spriggan Hunter on Feb 2, 2024.
             Slain by a goblin
             ... wielding a +0 club
              (5 damage)
             ... on level 3 of the Dungeon.
             The game lasted 00:00:07 (2171 turns).

qw the Shooter (Spriggan Hunter)                    Turns: 2171, Time: 00:00:07

Health: 0/22       AC:  2    Str:  7    XL:     4   Next: 38%
Magic:  5/5        EV: 20    Int: 10    God:
Gold:   107        SH:  0    Dex: 20    Spells: 3/3 levels left

rFire   + . .        a - +0 shortbow (drain)
rCold   . . .        (shield currently unavailable)
rNeg    . . .        c - +0 robe
rPois   .            (helmet restricted)
rElec   .            (no cloak)
rCorr   .            (gloves unavailable)
SInv    +            (boots unavailable)
Will    .....        (no amulet)
Stlth   ++           b - ring of protection from fire
HPRegen 0.23/turn    (no ring)
MPRegen 0.09/turn

%: no passive effects
@: about to teleport, very quick
A: very small, no large weapons, unfitting armour, see invisible, speed 3
a: no special abilities


You were on level 3 of the Dungeon.
You visited 1 branch of the dungeon, and saw 3 of its levels.

You collected 107 gold pieces.


Innate Abilities, Weirdness & Mutations

You are very small and have problems with some larger weapons.
You are too small for most types of armour.
You have supernaturally acute eyesight. (SInv)
You cover ground extremely quickly. (Speed+++)


   Skills:
 - Level 1.5 Fighting
 - Level 5.0 Ranged Weapons
 + Level 4.9 Dodging
 - Level 1.5 Stealth


You had 3 spell levels left.
You didn't know any spells.
Your spell library was empty.

Inventory:

Hand Weapons
 a - a +0 shortbow of draining (weapon)
Armour
 c - a +0 robe (worn)
Jewellery
 b - a ring of protection from fire (left hand)
Potions
 h - a potion of might
 i - a potion of curing {unknown}
 j - a potion of attraction {unknown}

Dungeon Overview and Level Annotations

Branches:
Dungeon (3/15)

Altars:
Xom

Annotations:
D:2 1 runed translucent door, Crazy Yiuf
D:3 Ijyb, Robin


Message History

Found 6 stones.
A kobold comes into view. It is wielding a +0 short sword.
You shoot an arrow. The arrow hits the kobold.
You drain the kobold.
You kill the kobold!
You see here 6 stones.
Found a stone staircase leading up.
A hobgoblin, Robin, Ijyb and 3 goblins come into view.
Ijyb is wielding a +0 spectral club and carrying a wand of iceblast.
A goblin is wielding a +2 dagger of electrocution.
You shoot an arrow. The arrow hits the goblin.
You drain the goblin.
The goblin is severely wounded.
Robin shouts!
You hear a shout!
A hobgoblin comes into view.
Robin throws Ijyb at you! Ijyb hits you with a +0 spectral club.
The +0 spectral club hits you.
A +0 spectral club comes into view.
You shoot an arrow. The arrow closely misses Ijyb.
Ijyb completely misses you.
The +0 spectral club closely misses you.
Robin roars a battlecry!
The goblins go into a battle-frenzy!
Ijyb misses you. The +0 spectral club hits you.
You shoot an arrow. The hobgoblin shouts!
The arrow hits Ijyb.
You drain Ijyb.
Ijyb is moderately wounded.
An endoplasm comes into view.
Ijyb misses you. The +0 spectral club misses you.
You shoot an arrow. The arrow closely misses Ijyb.
Ijyb misses you. The +0 spectral club hits you.
You shoot an arrow. The arrow hits the goblin.
You kill the goblin!
Ijyb misses you.
The +0 spectral club hits you but does no damage.
You shoot an arrow. The arrow barely misses Ijyb.
Ijyb misses you. The +0 spectral club hits you!
2171 ||| READING scroll of teleportation.
As you read the scroll of teleportation, it crumbles to dust.
You feel strangely unstable. The goblin barely misses you.
The goblin hits you with a +0 club.
You die... #.# #.# #.# #.######. . #.# #....... .. . #.# #.)...##.. .. #.# #........ ... #.# #.....# .... #.# ##...## gJ...

##.###....g#g.....
#...##.###@gg.....
#......# #g(.?....
#.......<..#
#.######.
#.########.....#
#..#### #..# #..#
#..# #...


You could see a +0 spectral club, Ijyb (strong, very drained), Robin, an
endoplasm, 2 hobgoblins and 2 goblins.

Vanquished Creatures
  3 adders (D:2)
  2 ribbon worms (D:2)
  6 ball pythons
  6 bats
  5 endoplasms
  3 giant cockroaches (D:1)
  8 goblins
  4 hobgoblins
  7 kobolds
  2 quokkas
  4 frilled lizards
  6 rats
56 creatures vanquished.

Notes
Turn   | Place    | Note
-------+----------+-------------------------------------------
     0 | D:1      | qw the Spriggan Hunter began the quest for the Orb.
     0 | D:1      | Reached XP level 1. HP: 10/10 MP: 2/2
     0 | D:1      | 0 ||| qw: Version: 0.3-a-155-g5e7d8dd
     0 | D:1      | 0 ||| qw: Game counter: 1212
     0 | D:1      | 0 ||| qw: Melee chars always use a shield: true
     0 | D:1      | 0 ||| qw: God list: Okawaru
     0 | D:1      | 0 ||| qw: Allow faded altars: false
     0 | D:1      | 0 ||| qw: Do Orc after clearing Dungeon:15 true
     0 | D:1      | 0 ||| qw: Do second Lair branch before Depths: true
     0 | D:1      | 0 ||| qw: Lair rune preference: random
     0 | D:1      | 0 ||| qw: Goals: Normal
     0 | D:1      | 0 ||| PLANNING D:1-11
    53 | D:1      | Reached skill level 3 in Dodging
   171 | D:1      | Reached XP level 2. HP: 14/14 MP: 3/3
   659 | D:1      | 659 ||| READING scroll labelled OGUIN SINU.
   659 | D:1      | 659 ||| IDENTIFYING fuming orange potion
   660 | D:1      | 660 ||| READING 2 scrolls labelled PABUUSMICOD.
   665 | D:1      | 665 ||| READING scroll labelled MEBOL OTHAI.
   666 | D:1      | 666 ||| DRINKING 3 viscous grey potions.
   667 | D:1      | 667 ||| DROPPING scroll of butterflies.
   668 | D:1      | 668 ||| DROPPING 2 potions of magic.
   669 | D:1      | 669 ||| DROPPING potion of invisibility.
   708 | D:2      | Reached XP level 3. HP: 9/18 MP: 4/4
   777 | D:2      | Found a shimmering altar of Xom.
   890 | D:2      | Identified the +5 short sword of Midsummer {heavy, Int+2}
   943 | D:2      | Reached skill level 5 in Ranged Weapons
  1109 | D:2      | Reached XP level 4. HP: 20/22 MP: 5/5
  1187 | D:2      | Found a faded altar of an unknown god.
  1663 | D:2      | Found a runed translucent door.
  1664 | D:2      | Noticed Crazy Yiuf
  1933 | D:2      | 1933 ||| UPGRADING to ring of protection from fire.
  1934 | D:2      | 1934 ||| READING scroll of identify.
  1934 | D:2      | 1934 ||| IDENTIFYING golden potion
  1935 | D:2      | 1935 ||| READING scroll labelled ACUNLA PETED.
  2036 | D:2      | 2036 ||| READING scroll labelled ZERIZI UGIBYHO.
  2036 | D:2      | 2036 ||| BRANDING +0 shortbow.
  2037 | D:2      | 2037 ||| READING scroll labelled UCICUASAXT.
  2164 | D:3      | Noticed Robin
  2164 | D:3      | Noticed Ijyb
  2170 | D:3      | HP: 5/22 [+0 spectral club[Ijyb] (7)]
  2171 | D:3      | 2171 ||| READING scroll of teleportation.
  2171 | D:3      | Slain by a goblin

Levels and vault maps discovered:
D:1:      amcnicky_arrival_underground_garden, layout_loops_cross
D:2:      kennysheep_six_static_rooms, layout_loops_ring, basic_altar,
          shapermc_ecumenical_altar_flowoftime, minmay_misc_feat_roman,
          minmay_misc_feat_cross, kennysheep_nondescript, nicolae_eternal_life,
          uniq_crazy_yiuf_cottage
D:3:      layout_loops_ring, nicolae_goblin_pals

Skill      XL: |  1  2  3 |
---------------+----------+-----
Dodging        | 3 4 |  4.9
Ranged Weapons | 5 |  5.0
Fighting       | |  1.5
Stealth        | |  1.5

Action                     |  1- 3 |  4- 6 || total
---------------------------+-------+-------++-------
   Fire: Shortbow          |   116 |    37 ||   153
    Use: Scroll            |     3 |     5 ||     8
         Potion            |     1 |       ||     1
 Armour: Robe              |     9 |    14 ||    23
  Dodge: Dodged            |    34 |    17 ||    51

Table legend:
 A = Non-vault XP
 B = Vault XP
 C = Vault XP percentage of total XP
 D = Non-vault monster count
 E = Vault monster count
 F = Vault count percentage of total count
                 A         B        C        D         E       F
            +---------+---------+-------+---------+---------+-------
      Total |     110 |      25 |  18.5 |      49 |       7 |  12.5
            +---------+---------+-------+---------+---------+-------
        D:1 |      33 |       0 |   0.0 |      19 |       0 |   0.0
        D:2 |      70 |      23 |  24.7 |      26 |       6 |  18.8
        D:3 |       7 |       2 |  22.2 |       4 |       1 |  20.0
            +---------+---------+-------+---------+---------+-------
